 Dungeon Crawl Stone Soup version 0.19-a0-787-gcef06a7 (webtiles) character file.

640662 Etesian the Formicid Porcupine (level 27, -7/249 HPs)
             Began as a Formicid Fighter on June 26, 2016.
             Was a High Priest of Okawaru.
             Killed from afar by Ryimuysudu the pandemonium lord (50 damage)
             ... with a bolt of lightning
             ... on level 10 of the Dungeon.
             The game lasted 03:35:50 (76651 turns).

Etesian the Formicid Porcupine (Formicid Fighter)  Turns: 76651, Time: 03:35:51

Health: -7/249     AC: 46    Str: 30    XL:     27
Magic:  22/28      EV: 11    Int:  9    God:    Okawaru [*****.]
Gold:   4807       SH: 26    Dex: 16    Spells: 4 memorised, 17 levels left

rFire  + + +     SeeInvis +     N - +9 bardiche (drain)
rCold  + + .     Gourm    .     b - +9 gold dragon armour
rNeg   + . .     Faith    .     W - +1 large shield {rC+ rF+}
rPois  +         Spirit   .     (helmet unavailable)
rElec  .         Dismiss  .     K - +1 cloak {MR+}
rCorr  .         Reflect  .     T - +2 pair of gloves
SustAt .         Harm     .     M - +1 pair of boots {run}
MR     ++++.                    c - amulet of regeneration
Stlth  ..........               F - ring of positive energy
                                m - ring of protection from magic

@: mighty, lethally poisoned (-7 -> -8), heroism, finesse, quick, incredibly
resistant to hostile enchantments, extremely unstealthy
A: permanent stasis, dig shafts and tunnels, four strong arms, antennae 3, dopey
1, fire resistance 1, MP-powered wands
a: Dig, Shaft Self, Heroism, Finesse, Renounce Religion
0: Orb of Zot
}: 3/15 runes: serpentine, barnacled, abyssal


You were on level 10 of the Dungeon.
You worshipped Okawaru.
Okawaru was extremely pleased with you.
You were very full.

You visited 11 branches of the dungeon, and saw 50 of its levels.
You visited the Abyss 3 times.
You also visited: Wizlab.

You collected 7027 gold pieces.
You spent 2220 gold pieces at shops.

Inventory:

Hand Weapons
 N - a +9 bardiche of draining (weapon)
Armour
 b - a +9 gold dragon armour (worn)
 K - a +1 cloak of magic resistance (worn)
 M - a +1 pair of boots of running (worn)
 T - a +2 pair of gloves (worn)
 W - a +1 large shield of resistance (worn)
 Y - the +2 cloak of the Other Side {rF+ rCorr Str-4 Dex+5}
   (You found it on level 1 of the Shoals)

   It affects your strength (-4).
   It affects your dexterity (+5).
   It protects you from fire.
   It protects you from acid and corrosion.
Jewellery
 c - an amulet of regeneration (around neck)
 k - an uncursed ring of protection from fire
 m - a ring of protection from magic (left hand)
 p - the amulet "Ynymuir" {Reflect Dex+3 SH+6}
   (You found it on level 3 of the Elven Halls)

   [amulet of reflection]

   It shields you and reflects attacks.
   It affects your dexterity (+3).
   It affects your SH (+6).
 q - an uncursed ring of protection from cold
 u - the ring "Muclypsoex" {Fire Str+2 Dex+10 Slay-3}
   (You took it off a frost giant on level 1 of the Depths)

   [ring of fire]

   It enhances your fire magic, and weakens your ice magic.
   It affects your strength (+2).
   It affects your dexterity (+10).
   It affects your accuracy and damage with ranged weapons and melee attacks
   (-3).
   It protects you from fire.
   It makes you vulnerable to cold.
 x - an uncursed ring of ice
 F - a ring of positive energy (right hand)
 O - the ring of Egaipual {rElec Stlth+}
   (You found it on level 6 of the Lair of Beasts)

   [ring of stealth]

   It insulates you from electricity.
   It makes you more stealthy.
 X - the ring "Zugut" {Wiz +Inv rC+}
   (You took it off a merfolk impaler on level 4 of the Shoals)

   [ring of wizardry]

   It improves your spell success rate.
   It protects you from cold.
   It lets you turn invisible.
Wands
 B - a wand of digging (13/24)
Scrolls
 i - 3 scrolls of enchant weapon
 j - a scroll of magic mapping
 w - 19 scrolls of remove curse
 y - 7 scrolls of fear
 A - 6 scrolls of silence
 I - 5 scrolls of fog
 P - 15 scrolls of identify
 Q - a scroll of holy word
 V - 9 scrolls of recharging
Potions
 d - 4 potions of might
 e - 15 potions of brilliance
 h - a potion of cure mutation
 l - 6 potions of invisibility
 n - 10 potions of flight
 o - 6 potions of ambrosia
 r - 2 potions of magic
 v - 7 potions of lignification
 C - 4 potions of agility
 E - 12 potions of curing
 L - 5 potions of cancellation
Miscellaneous
 G - a phantom mirror
Comestibles
 a - 6 chunks of flesh
 f - 33 bread rations
 g - 14 beef jerkies
 t - 10 slices of pizza
 H - 6 meat rations
 J - 44 fruits


   Skills:
 O Level 27 Fighting
 O Level 27 Polearms
 O Level 27 Armour
 - Level 15.2(20.2) Shields
 * Level 7.8 Charms
 * Level 6.5 Air Magic
 - Level 7.8 Invocations


You had 17 spell levels left.
You knew the following spells:

 Your Spells              Type           Power        Failure   Level  Hunger
a - Apportation           Tloc           #.........   99%         1    ##.....
b - Swiftness             Chrm/Air       ##......     17%         2    ###....
d - Shroud of Golubria    Chrm/Tloc      #.........   77%         2    ###....
e - Passage of Golubria   Tloc           N/A          100%        4    #####..


Dungeon Overview and Level Annotations

Branches:
Dungeon (15/15)            Temple (1/1) D:4            Lair (6/6) D:10
 Shoals (4/4) Lair:3        Snake (4/4) Lair:3        Slime (0/5) Lair:5
    Orc (2/2) D:12            Elf (3/3) Orc:2        Vaults (4/5) D:13
  Crypt (0/3) Vaults:3     Depths (5/5) D:15           Hell (1/1)
    Dis (0/7) Hell            Geh (0/7) Hell            Coc (0/7) Hell
    Tar (0/7) Hell            Zot (5/5) Depths:5

Altars:
Ashenzari
Cheibriados
Dithmenos
Elyvilon
Fedhas
Gozag
Hepliaklqana
Kikubaaqudgha
Makhleb
Nemelex Xobeh
Okawaru
Pakellas
Qazlal
Ru
Sif Muna
Trog
Uskayaw
Vehumet
Xom
Yredelemnul
Zin
The Shining One
Jiyva

Shops:
D:10 %   D:13 }   Orc:2 [((*   Shoals:4 ?   Snake:1 [   Vaults:2 [((%[
Depths:1 %[%(   Depths:3 [

Portals:
Hell: Depths:1 Depths:2 Depths:3 Depths:4 Depths:5
Abyss: Depths:2 Depths:4
Pandemonium: Depths:3 Depths:4
Ziggurat: Depths:1


Innate Abilities, Weirdness & Mutations

You are under a permanent stasis effect.
You can dig through walls and to a lower floor.
Your four strong arms can wield two-handed weapons with a shield.
You have a pair of large antennae on your head. (SInv)
You are dopey. (Int -2)
Your flesh is heat resistant. (rF+)
You expend magic power (3 MP) to strengthen your wands.


Message History

You block Ryimuysudu's attack.
You take 1 damage, and have 73/249 hp.
You miss Ryimuysudu.
Ryimuysudu is severely wounded.
A lich comes into view.
You completely miss Ryimuysudu.
Ryimuysudu is severely wounded.
You feel sick. Ryimuysudu gestures at you. The bolt of lightning hits you!
* * * LOW HITPOINT WARNING * * *
You take 50 damage, and have 23/249 hp.
MASSIVE DAMAGE!!
You feel much better.
You feel sick.
Ryimuysudu's toxic aura wanes.
You block Ryimuysudu's attack.
You regained 19 hp, and now have 42/249 hp.
You slice Ryimuysudu!!
Ryimuysudu is severely wounded.
Ryimuysudu gestures at you. The bolt of lightning hits you!
You die...

###........#..##.#
####.#...#.{##.##
#....##.##<.....#
#.#####.######..# #.#
#.........##
###.#############L.##############
................C............[..>
###.........####&#..####.########
#########.# #@##.## #.########
#.# #.##..# #.......∩#
#.####.###.# #.......)# #.#....#
#.###........# #.#.####
#..##........# #...#
##.##........# #########
#.##........# #.).....#
#..#........# #.#####.#
##.#........#


You could see Ryimuysudu, a lich and a hill giant.

Vanquished Creatures
  12 orbs of fire
  3 ancient liches
  Boris (Depths:3)
  Vashnia (Snake:2)
  Saint Roka (Elf:3)
  2 Killer Klowns (Zot:5)
  A curse toe (Zot:5)
  7 golden dragons
  Geryon (Hell)
  the Enchantress (Depths:4)
  Nikola (Depths:3)
  Jory (Depths:3)
  A Tzitzimitl (Depths:1)
  3 electric golems
  Jorgrun (Depths:3)
  A Brimstone Fiend (Zot:5)
  8 liches
  A Hell Sentinel (Abyss:3)
  14 tentacled monstrosities
  Asterion (Snake:2)
  27 Orb Guardians
  Murray (Depths:5)
  A deep elf blademaster (Elf:3)
  2 Executioners
  A kraken (Shoals:3)
  A deep elf master archer (Elf:3)
  An acid blob (Lair:5)
  2 sphinxes
  9 tentacled starspawn
  10 death cobs
  Kirke (Elf:1)
  Gastronok (D:10)
  6 shadow dragons
  6 storm dragons
  A tengu reaver (Depths:2)
  Roxanne (D:15)
  6 greater nagas (Snake:4)
  A daeva (Abyss:2)
  A draconian monk (Zot:4)
  Wiglaf (Depths:3)
  7 fire giants
  4 deep elf sorcerers
  Donald (Vaults:1)
  4 vault wardens
  3 draconian scorchers
  6 frost giants
  Ilsuiw (Shoals:3)
  3 draconian knights
  Louise (Snake:2)
  A ghoul (Vaults:3)
  8 ghost moths
  Aizul (Snake:1)
  5 draconian shifters
  A draconian zealot (Zot:4)
  3 ironheart preservers
  An emperor scorpion (Depths:4)
  A draconian annihilator (Depths:5)
  2 cacodemons
  5 deep elf elementalists
  8 reapers
  A draconian caller (Zot:4)
  5 war gargoyles
  7 caustic shrike skeletons
  An entropy weaver (Abyss:3)
  5 spriggan defenders (Depths:4)
  10 very ugly things
  5 vampire knights
  12 stone giants
  6 deep elf demonologists
  A juggernaut skeleton (Depths:1)
  3 yellow draconians
  9 deep elf annihilators
  7 green draconians
  5 purple draconians
  9 black draconians
  6 dire elephants (Lair:6)
  2 lorocyprocas
  5 red draconians
  2 spark wasps (Depths:3)
  3 white draconians
  7 mottled draconians
  7 deep elf death magi
  2 crystal guardians (Depths:2)
  3 blizzard demons (Hell)
  6 ettins
  16 merfolk impalers
  6 merfolk javelineers
  15 fire dragons
  Erolcha (D:8)
  5 deep elf high priests (Elf:3)
  An eidolon (Abyss:3)
  Josephine (D:10)
  7 yaktaur captains
  A minotaur (shapeshifter) (Elf:2)
  A kraken zombie (Hell)
  5 great orbs of eyes
  22 naga warriors
  The ghost of Grim the Tainter, a journeyman NaVM of Cheibriados (D:11)
  13 ice dragons
  3 vault guards
  A ghost crab (Abyss:3)
  2 hell beasts
  6 death knights
  6 hydras
  12 rakshasas
  5 spriggan air magi
  9 anacondas
  The ghost of Slacking101 the Nimble, a novice TrFi of Kikubaaqudgha (D:10)
  An alligator snapping turtle (Shoals:2)
  A merfolk avatar (Shoals:3)
  8 centaur warriors
  13 ogre magi
  6 merfolk aquamancers
  38 dancing weapons
  7 death yaks (Depths:4)
  4 satyrs
  2 hell hogs (shapeshifter)
  2 shock serpents (Snake:4)
  14 tengu warriors
  5 deep troll shamans
  5 hell hogs
  3 deep troll earth magi
  Urug (D:15)
  10 thrashing horrors
  4 orc high priests
  7 spriggan berserkers
  25 deep elf knights
  13 naga sharpshooters
  Sonja (D:14)
  3 sun demons
  2 titan skeletons
  22 hell knights
  7 soul eaters
  2 iron golems (Hell)
  11 wretched stars
  Nergalle (Depths:2)
  10 skeletal warriors
  A spatial maelstrom (Abyss:1)
  14 shadow wraiths
  A fire crab (Vaults:4)
  A fire crab (shapeshifter) (Depths:2)
  2 salamander mystics
  4 wizards
  An unseen horror (shapeshifter) (Elf:1)
  6 unseen horrors
  2 anaconda zombies (Hell)
  A golden dragon zombie (Depths:1)
  A death drake (shapeshifter) (Vaults:1)
  8 sea snakes
  A shadow demon (Abyss:3)
  17 deep trolls
  4 iron trolls
  7 spriggan druids (Depths:4)
  5 giant orange brains
  5 flayed ghosts (Depths:3)
  2 swamp dragons (Abyss:3)
  5 naga ritualists
  17 deep elf archers
  2 shambling mangroves (Abyss:3)
  5 phantasmal warriors
  An orange crystal statue (Vaults:3)
  15 orc knights
  6 hill giants
  15 necromancers
  2 anaconda skeletons
  38 harpies
  69 deep elf magi
  6 mana vipers
  5 ironbrand convokers
  2 frost giant zombies
  An iron dragon zombie (Abyss:2)
  3 orc sorcerers
  2 oklob plants (Shoals:3)
  24 ugly things
  A manticore (shapeshifter) (D:10)
  9 salamanders
  8 elephants (Lair:6)
  7 cyclopes
  2 fauns (Shoals:3)
  3 worldbinders (Abyss:3)
  2 stone giant zombies
  9 manticores
  4 sixfirhies
  9 griffons
  A fire giant zombie (Depths:1)
  Joseph (D:7)
  10 vault sentinels
  17 moths of wrath
  5 sirens
  10 rust devils
  9 guardian serpents
  26 black mambas
  Psyche (D:8)
  18 naga magi
  2 centaur zombies (D:11)
  4 water nymphs
  3 apocalypse crabs (Abyss:3)
  6 centaur skeletons
  An orange demon (Zot:5)
  16 smoke demons
  A dire elephant zombie (Hell)
  An ice statue (Hell)
  A storm dragon simulacrum (Vaults:3)
  3 gargoyles (Depths:2)
  3 frost giant skeletons
  12 spiny frogs
  3 kobold demonologists
  2 hellions
  A titan simulacrum (Depths:1)
  3 rime drakes (Lair:6)
  45 yaktaurs
  2 demonic crawlers
  A spark wasp simulacrum (Depths:1)
  2 ice devils
  9 komodo dragons
  A tormentor (Abyss:1)
  13 ancient zymes
  3 efreet (Abyss:3)
  13 freezing wraiths
  2 yaktaurs (shapeshifter)
  A hydra zombie (Hell)
  8 tengu conjurers
  2 hellwings
  3 red devils
  5 trolls
  3 jumping spiders
  27 two-headed ogres
  3 meliai (D:14)
  A queen bee (shapeshifter) (Elf:1)
  41 merfolk
  A tengu simulacrum (Depths:1)
  2 merfolk (shapeshifter)
  A wind drake (Shoals:2)
  A wind drake (shapeshifter) (Vaults:2)
  A two-headed ogre (shapeshifter) (Vaults:3)
  14 raiju
  19 blink frogs
  A raiju (shapeshifter) (Depths:3)
  18 slime creatures
  A deep troll zombie (Depths:1)
  2 ettin zombies
  5 spriggan zombies (Depths:1)
  3 boulder beetles
  4 ice dragon zombies
  10 snapping turtles
  A frost giant simulacrum (Vaults:1)
  A redback (shapeshifter) (Abyss:1)
  2 alligator skeletons (Hell)
  A flying skull (Abyss:1)
  3 spriggan skeletons (Depths:1)
  5 redbacks
  2 stone giant simulacra
  11 air elementals
  11 ynoxinuls
  A deep troll skeleton (Depths:1)
  A fire dragon skeleton (Depths:1)
  4 shadows (Depths:3)
  A tarantella (shapeshifter) (Depths:4)
  40 spriggans (Depths:4)
  28 water elementals
  12 wraiths
  A vampire (Abyss:1)
  32 starcursed masses
  2 tarantellas
  Grum (D:8)
  10 fire bats
  53 yaks
  13 fire elementals
  A hog (shapeshifter) (Vaults:3)
  3 wyverns
  A hungry ghost (D:11)
  2 humans (Elf:1)
  7 neqoxecs
  A hog (Elf:1)
  A spriggan simulacrum (Depths:1)
  10 hippogriffs
  2 spatial vortices (Abyss:1)
  6 mottled dragons
  A yaktaur simulacrum (Depths:1)
  A harpy simulacrum (Vaults:1)
  3 chaos spawn
  17 vampire mosquitoes
  10 wargs
  65 nagas
  A soldier ant (D:13)
  15 water moccasins
  A hydra simulacrum (Abyss:1)
  5 hell hounds
  3 porcupines
  A water moccasin (shapeshifter) (Vaults:4)
  34 large abominations
  A giant eyeball (Elf:1)
  A swamp drake (Abyss:3)
  2 spiny frog zombies (Hell)
  3 sky beasts
  A snapping turtle zombie (Hell)
  33 orc warriors
  A swamp dragon zombie (Hell)
  A black bear (shapeshifter) (Depths:4)
  3 phantoms
  3 necrophages
  The ghost of ig87 the Ruffian, an amateur NaTm (D:3)
  4 ice beasts
  2 black bears
  2 eyes of draining
  An ettin simulacrum (Vaults:2)
  18 wasps
  6 boggarts
  49 ogres
  19 wolves
  11 centaurs
  12 crocodiles
  A big kobold (shapeshifter) (Vaults:3)
  20 giant frogs
  5 big kobolds
  A deep troll simulacrum (Vaults:2)
  2 wyvern zombies
  A glowing shapeshifter simulacrum (Vaults:1)
  15 earth elementals
  3 scorpions
  14 wights
  2 howler monkeys
  8 crimson imps
  4 quasits
  3 giant frog zombies
  6 hounds
  8 jellies
  A wasp zombie (D:10)
  19 orc priests
  26 orc wizards
  3 giant frog skeletons
  4 iron imps
  Jessica (D:2)
  12 iguanas
  10 worker ants
  Ijyb (D:3)
  Natasha (D:2)
  A hell rat (Depths:1)
  10 sheep
  20 small abominations
  2 hound zombies
  2 hound skeletons
  2 mummies (D:11)
  2 howler monkey zombies
  4 worker ant zombies
  2 howler monkey skeletons
  13 adders
  20 river rats
  2 shadow imps
  6 white imps
  6 ufetubi
  An adder zombie (D:9)
  An adder skeleton (D:9)
  3 worms
  3 dart slugs
  5 giant geckos
  75 orcs
  5 giant cockroaches
  10 goblins
  5 hobgoblins
  19 jackals
  17 kobolds
  4 quokkas
  A ball python (D:1)
  9 bats
  4 giant newts
  A jackal zombie (D:6)
  A quokka skeleton (D:4)
  15 rats
  A fungus (Lair:2)
  2 lurking horrors (Abyss:3)
  3 plants
  8 starspawn tentacles
  A starspawn tentacle segment (Abyss:3)
  7 tentacles
2553 creatures vanquished.

Vanquished Creatures (others)
  A kraken (Abyss:3)
  A storm dragon (Zot:3)
  A fire giant (Vaults:3)
  A draconian scorcher (Zot:5)
  A deep elf elementalist (Elf:3)
  A stone giant (Vaults:4)
  6 merfolk javelineers
  2 deep elf high priests
  4 yaktaur captains
  A naga warrior (Snake:4)
  A satyr (Shoals:2)
  3 centaur warriors
  A fire crab (Abyss:3)
  4 deep elf archers
  3 moths of wrath (Zot:5)
  2 fauns (Shoals:3)
  A cyclops (Vaults:1)
  10 yaktaurs
  A two-headed ogre (Vaults:3)
  A redback (Vaults:3)
  A wraith (Abyss:3)
  A wasp (Abyss:3)
  An ogre (Depths:2)
  5 centaurs
  A rat (D:1)
  2 bushes (Abyss:3)
  8 fungi
  19 plants
  6 starspawn tentacles
  91 starspawn tentacle segments
  31 tentacles
  604 tentacle segments
  A withered plant (D:11)
817 creatures vanquished.

Grand Total: 3370 creatures vanquished

Notes
Turn   | Place    | Note
--------------------------------------------------------------
     0 | D:1      | Etesian the Formicid Fighter began the quest for the Orb.
     0 | D:1      | Reached XP level 1. HP: 18/18 MP: 1/1
    84 | D:1      | Reached XP level 2. HP: 24/24 MP: 2/2
   210 | D:1      | Reached XP level 3. HP: 22/29 MP: 3/3
   734 | D:1      | Found a sparkling altar of Nemelex Xobeh.
  1063 | D:2      | Reached XP level 4. HP: 27/37 MP: 4/4
  1108 | D:2      | Noticed Jessica
  1119 | D:2      | Killed Jessica
  1457 | D:2      | Reached XP level 5. HP: 40/42 MP: 5/5
  1577 | D:2      | Noticed Natasha
  1582 | D:2      | Killed Natasha
  1722 | D:3      | Noticed Ijyb
  1731 | D:3      | Killed Ijyb
  1827 | D:3      | Reached XP level 6. HP: 7/48 MP: 6/6
  2179 | D:3      | Found a shadowy altar of Dithmenos.
  2757 | D:3      | Noticed ig87's ghost (amateur NaTm)
  2781 | D:3      | Killed ig87's ghost
  2781 | D:3      | Reached skill level 5 in Shields
  3003 | D:4      | Reached XP level 7. HP: 55/55 MP: 7/7
  3179 | D:4      | Found a staircase to the Ecumenical Temple.
  3184 | Temple   | Entered the Ecumenical Temple
  3305 | Temple   | Became a worshipper of Warmaster Okawaru
  3348 | D:4      | Found an ancient bone altar of Kikubaaqudgha.
  3549 | D:4      | Reached skill level 5 in Polearms
  3714 | D:4      | Reached skill level 5 in Fighting
  3964 | D:5      | Entered Level 5 of the Dungeon
  4242 | D:5      | Reached skill level 5 in Armour
  4242 | D:5      | Reached XP level 8. HP: 60/62 MP: 8/8
  4348 | D:5      | Found a burning altar of Makhleb.
  5124 | D:6      | Found a bloodstained altar of Trog.
  5162 | D:6      | Reached * piety under Okawaru
  5446 | D:6      | Found a deep blue altar of Sif Muna.
  5842 | D:7      | Reached XP level 9. HP: 43/69 MP: 9/9
  6035 | D:7      | Noticed Joseph
  6071 | D:7      | Killed Joseph
  6412 | D:7      | Reached ** piety under Okawaru
  6640 | D:7      | Found a sparkling altar of Nemelex Xobeh.
  6640 | D:7      | Noticed a deep elf mage
  6658 | D:7      | Killed a deep elf mage
  6658 | D:7      | Reached XP level 10. HP: 8/79 MP: 8/10
  7078 | D:8      | Noticed Psyche
  7095 | D:8      | Killed Psyche
  7297 | D:8      | Reached *** piety under Okawaru
  7509 | D:8      | Got a blackened chain mail
  7520 | D:8      | Identified the +6 chain mail of the Pits of Slime {rElec MR+ Int+2 Dex+5} (You found it on level 8 of the Dungeon)
  7685 | D:8      | Noticed Erolcha
  7704 | D:8      | Killed Erolcha
  7704 | D:8      | Reached **** piety under Okawaru
  7843 | D:8      | Noticed Grum
  7858 | D:8      | Killed Grum
  7879 | D:8      | Reached skill level 10 in Polearms
  8480 | D:9      | Reached ***** piety under Okawaru
  8491 | D:9      | Reached XP level 11. HP: 54/86 MP: 11/11
  8731 | D:9      | Reached skill level 1 in Invocations
  8815 | D:9      | Found a sparkling altar of Nemelex Xobeh.
  8899 | D:9      | Noticed an unseen horror
  8905 | D:9      | Killed an unseen horror
  9319 | D:10     | Entered Level 10 of the Dungeon
  9735 | D:10     | Found a staircase to the Lair.
  9858 | D:10     | Noticed Gastronok
  9882 | D:10     | Killed Gastronok
  9947 | D:10     | Noticed Slacking101's ghost (novice TrFi)
  9973 | D:10     | Killed Slacking101's ghost
  9973 | D:10     | Reached skill level 5 in Invocations
  9996 | D:10     | Noticed Josephine
 10016 | D:10     | Killed Josephine
 10016 | D:10     | Reached ****** piety under Okawaru
 10016 | D:10     | Reached skill level 10 in Shields
 10284 | D:10     | Noticed a hill giant
 10289 | D:10     | Killed a hill giant
 10289 | D:10     | Reached XP level 12. HP: 71/94 MP: 16/16
 10396 | D:10     | Found Xitib's Food Shoppe.
 10602 | Lair:1   | Entered Level 1 of the Lair of Beasts
 10661 | Lair:1   | Learned a level 1 spell: Apportation
 10664 | Lair:1   | Learned a level 2 spell: Shroud of Golubria
 10669 | Lair:1   | Learned a level 4 spell: Passage of Golubria
 10798 | Lair:1   | Received a gift from Okawaru
 10799 | Lair:1   | Got a pair of fine boots {god gift}
 10838 | Lair:1   | Identified the +2 pair of boots of Precision Catastrophes {SInv Stlth+} (Okawaru gifted it to you on level 1 of the Lair of Beasts)
 11229 | Lair:1   | Found a shadowy altar of Dithmenos.
 13218 | Lair:3   | Identified a scroll of acquirement
 13262 | Lair:2   | Reached skill level 10 in Fighting
 13661 | Lair:3   | Reached skill level 10 in Armour
 13665 | Lair:3   | Found a staircase to the Shoals.
 13714 | Lair:3   | Found a staircase to the Snake Pit.
 14154 | Lair:4   | Reached XP level 13. HP: 103/103 MP: 18/18
 15781 | Lair:5   | Found a viscous altar of Jiyva.
 15781 | Lair:5   | Found a staircase to the Slime Pits.
 16168 | Lair:6   | Entered Level 6 of the Lair of Beasts
 16250 | Lair:6   | Noticed a seven-headed hydra
 16294 | Lair:5   | Noticed an acid blob
 16320 | Lair:5   | Killed an acid blob
 16320 | Lair:5   | Received a gift from Okawaru
 16565 | Lair:6   | Noticed a four-headed hydra
 16575 | Lair:6   | Killed a four-headed hydra
 16630 | Lair:6   | Noticed a six-headed hydra
 16640 | Lair:6   | Killed a six-headed hydra
 16912 | Lair:6   | Received a gift from Okawaru
 17088 | Lair:6   | Identified a +1 pair of boots of running (Okawaru gifted it to you on level 6 of the Lair of Beasts)
 17286 | Lair:6   | Killed a seven-headed hydra
 17286 | Lair:6   | Reached XP level 14. HP: 79/112 MP: 19/19
 17778 | Lair:6   | Noticed a dire elephant
 17793 | Lair:6   | Killed a dire elephant
 17812 | Lair:6   | Noticed a dire elephant
 18060 | Lair:6   | Noticed a dire elephant
 18081 | Lair:6   | Killed a dire elephant
 18097 | Lair:6   | Killed a dire elephant
 18208 | Lair:6   | Noticed a dire elephant
 18225 | Lair:6   | Killed a dire elephant
 18793 | Lair:6   | Noticed a dire elephant
 18793 | Lair:6   | Noticed a dire elephant
 18816 | Lair:6   | Killed a dire elephant
 18830 | Lair:6   | Killed a dire elephant
 18984 | Lair:6   | Received a gift from Okawaru
 19482 | D:11     | Noticed Grim's ghost (journeyman NaVM)
 19507 | D:11     | Killed Grim's ghost
 20521 | D:11     | Received a gift from Okawaru
 20522 | D:11     | Got a pitted scale mail {god gift}
 20533 | D:11     | Identified the +2 scale mail of the Good {+Fly rElec MR+ Str-5} (Okawaru gifted it to you on level 11 of the Dungeon)
 20987 | D:12     | Found a staircase to the Orcish Mines.
 21003 | D:12     | Reached XP level 15. HP: 103/121 MP: 20/20
 21088 | Orc:1    | Entered Level 1 of the Orcish Mines
 21201 | Orc:2    | Entered Level 2 of the Orcish Mines
 21528 | Orc:1    | Reached skill level 15 in Polearms
 21930 | Orc:2    | Found a staircase to the Elven Halls.
 23527 | Orc:2    | Found Oveolata's Armour Boutique.
 23527 | Orc:2    | Found Uharorouwk's Assorted Antiques.
 23546 | Orc:2    | Found Kydeul's Antique Weapon Boutique.
 23546 | Orc:2    | Found Joaxauw's Weapon Emporium.
 23557 | Orc:2    | Bought a potion of might for 144 gold pieces
 23557 | Orc:2    | Bought a scroll labeled WASOUV FIAGOKO for 36 gold pieces
 23557 | Orc:2    | Bought a golden potion for 32 gold pieces
 23557 | Orc:2    | Bought a potion of might for 144 gold pieces
 23557 | Orc:2    | Bought a potion of might for 144 gold pieces
 23785 | Orc:2    | Bought a +0 cloak for 72 gold pieces
 23785 | Orc:2    | Bought a +1 pair of gloves of archery for 264 gold pieces
 24106 | D:13     | Found Pijaob's Gadget Emporium.
 25014 | D:13     | Received a gift from Okawaru
 25015 | D:13     | Got an ichor-stained hand crossbow {god gift}
 25022 | D:13     | Identified the +9 hand crossbow of Okawaru's Reproof {venom, MR+} (Okawaru gifted it to you on level 13 of the Dungeon)
 25039 | D:13     | Found a gate to the Vaults.
 25611 | D:15     | Entered Level 15 of the Dungeon
 25613 | D:15     | Noticed Sonja
 26449 | D:14     | Killed Sonja
 27211 | D:15     | Found an oddly glowing altar of Pakellas.
 27251 | D:15     | Received a gift from Okawaru
 27271 | D:15     | Reached XP level 16. HP: 126/130 MP: 14/21
 27291 | D:15     | Found a staircase to the Depths.
 27294 | D:15     | Noticed Urug
 27321 | D:15     | Killed Urug
 27341 | D:15     | Received a gift from Okawaru
 27679 | D:15     | Noticed Roxanne
 28027 | D:15     | Killed Roxanne
 28030 | D:15     | Identified Roxanne's Reference Book on Earth (You took it off Roxanne on level 15 of the Dungeon)
 28277 | Orc:2    | Bought a +2 swamp dragon armour for 992 gold pieces
 28470 | Snake:1  | Entered Level 1 of the Snake Pit
 28654 | Snake:1  | Noticed Aizul
 28687 | Snake:1  | Killed Aizul
 29868 | Snake:1  | Received a gift from Okawaru
 29869 | Snake:1  | Got an encrusted scale mail {god gift}
 29880 | Snake:1  | Identified the +0 scale mail of Resonance {MR+} (Okawaru gifted it to you on level 1 of the Snake Pit)
 30309 | Snake:1  | Found Puguhagg's Antique Armour Emporium.
 30317 | Snake:1  | Bought a glowing cloak for 126 gold pieces
 30317 | Snake:1  | Bought an encrusted chain mail for 266 gold pieces
 30339 | Snake:1  | Identified the +8 chain mail of the Louse {rF+ Str+4} (You bought it in a shop on level 1 of the Snake Pit)
 31044 | Lair:6   | Got a crude jade ring
 31046 | Lair:6   | Identified the ring of Egaipual {rElec Stlth+} (You found it on level 6 of the Lair of Beasts)
 31361 | Snake:2  | Noticed Vashnia
 31674 | Snake:2  | Noticed Louise
 31810 | Snake:2  | Killed Vashnia
 31810 | Snake:2  | Reached skill level 15 in Shields
 31810 | Snake:2  | Reached XP level 17. HP: 106/138 MP: 18/22
 31949 | Snake:2  | Noticed Asterion
 31992 | Snake:2  | Killed Asterion
 32158 | Snake:2  | Cast into level 2 of the Abyss (Louise)
 32210 | Abyss:2  | Noticed a bone dragon
 32235 | Abyss:2  | Gained mutation: Armour fits poorly on your strangely shaped body. [a neqoxec]
 32514 | Abyss:2  | Noticed a tentacled starspawn
 32523 | Abyss:2  | Killed a tentacled starspawn
 32994 | Snake:2  | Escaped the Abyss
 33010 | Snake:2  | Killed Louise
 33010 | Snake:2  | Received a gift from Okawaru
 33061 | Snake:2  | Lost mutation: Armour fits poorly on your strangely shaped body. [potion of cure mutation]
 33614 | Snake:3  | Found a glowing silver altar of Zin.
 34541 | Snake:4  | Entered Level 4 of the Snake Pit
 35821 | Snake:4  | Reached skill level 15 in Armour
 36112 | Snake:4  | Reached XP level 18. HP: 124/148 MP: 23/23
 36454 | Snake:4  | Received a gift from Okawaru
 36455 | Snake:4  | Got a pair of shimmering gloves {god gift}
 36482 | Snake:4  | Identified the +1 pair of gloves "Soatask" {rPois} (Okawaru gifted it to you on level 4 of the Snake Pit)
 36587 | Snake:4  | Reached skill level 15 in Fighting
 37607 | Snake:4  | Got a serpentine rune of Zot
 37970 | Shoals:1 | Entered Level 1 of the Shoals
 38161 | Shoals:1 | Got a slimy cloak
 38180 | Shoals:1 | Identified the +2 cloak of the Other Side {rF+ rCorr Str-4 Dex+5} (You found it on level 1 of the Shoals)
 38392 | Lair:3   | Received a gift from Okawaru
 39329 | Shoals:1 | Reached XP level 19. HP: 134/157 MP: 24/24
 39973 | Shoals:2 | Gained mutation: Your system is resistant to poisons. (rPois) [potion of beneficial mutation]
 41787 | Shoals:3 | Received a gift from Okawaru
 42502 | Shoals:4 | Entered Level 4 of the Shoals
 42603 | Shoals:4 | Noticed Ilsuiw
 42648 | Shoals:3 | Killed Ilsuiw
 43504 | Shoals:4 | Found Letwuj's Magic Scroll Boutique.
 43894 | Shoals:4 | Reached XP level 20. HP: 147/166 MP: 25/25
 43937 | Shoals:4 | Got an ancient brass ring
 44063 | Shoals:4 | Received a gift from Okawaru
 44253 | Shoals:4 | Got a barnacled rune of Zot
 44352 | Lair:3   | Identified the ring "Zugut" {Wiz +Inv rC+} (You took it off a merfolk impaler on level 4 of the Shoals)
 44507 | Vaults:1 | Entered Level 1 of the Vaults
 44771 | Vaults:1 | Gained mutation: You are robust. (+10% HP) [potion of beneficial mutation]
 44772 | Vaults:1 | Gained mutation: Your mind is acute. (Int +2) [potion of beneficial mutation]
 45504 | Vaults:1 | Noticed a Tzitzimitl
 45577 | Vaults:1 | Noticed Donald
 45600 | Vaults:1 | Killed Donald
 46768 | Vaults:2 | Found Toadeel's Weapon Boutique.
 46771 | Vaults:2 | Found Cuqeh's Food Shoppe.
 46779 | Vaults:2 | Found Uruw's Antique Weapon Shop.
 46811 | Vaults:2 | Found Geass's Antique Armour Emporium.
 46937 | Vaults:2 | Received a gift from Okawaru
 46938 | Vaults:2 | Got a shimmering trident {god gift}
 46939 | Vaults:2 | Identified the +6 trident of the Everdark {flame, Int+4 Dex+2} (Okawaru gifted it to you on level 2 of the Vaults)
 47069 | Vaults:2 | Found Viog's Armour Emporium.
 47972 | Vaults:3 | Reached XP level 21. HP: 189/192 MP: 26/26
 48740 | Vaults:3 | Received a gift from Okawaru
 49014 | Vaults:3 | Found a staircase to the Crypt.
 49188 | Vaults:3 | Identified the cursed +0 ring mail of Integrity {-Tele +Fly rElec MR+} (You found it on level 3 of the Vaults)
 49310 | Vaults:3 | Received a gift from Okawaru
 49311 | Vaults:3 | Got a smoking dagger {god gift}
 50328 | Vaults:4 | Identified the cursed +0 trident of Gallantry {freeze, +Fly rElec SInv} (You found it on level 4 of the Vaults)
 51225 | Vaults:4 | Received a gift from Okawaru
 51701 | Elf:1    | Entered Level 1 of the Elven Halls
 52011 | Elf:1    | Reached XP level 22. HP: 200/202 MP: 27/27
 52300 | Elf:1    | Noticed Kirke
 52323 | Elf:1    | Killed Kirke
 53182 | Elf:2    | Found a huge runed gate.
 53182 | Elf:2    | Found a huge runed gate.
 53182 | Elf:2    | Found a huge runed gate.
 53184 | Elf:2    | Found a huge runed gate.
 53185 | Elf:2    | Found a huge runed gate.
 54108 | Elf:2    | Received a gift from Okawaru
 54141 | Elf:2    | Identified the +0 war axe "Ocatrejo" {distort, rF+ Str-4 Int+9 Dex-5} (Okawaru gifted it to you on level 2 of the Elven Halls)
 54354 | Elf:3    | Entered Level 3 of the Elven Halls
 54688 | Elf:3    | Noticed Saint Roka
 54722 | Elf:3    | Killed Saint Roka
 54953 | Elf:3    | Reached XP level 23. HP: 213/213 MP: 28/28
 55831 | Elf:3    | Received a gift from Okawaru
 55832 | Elf:3    | Got a shimmering chain mail {god gift}
 55839 | Elf:3    | Identified the +0 chain mail of Odoam {rPois Dex+3} (Okawaru gifted it to you on level 3 of the Elven Halls)
 56104 | Elf:3    | Got a scintillating turquoise ring
 56246 | Elf:3    | Identified the Catalogue of the Barber Surgeon (You found it on level 3 of the Elven Halls)
 56259 | Elf:3    | Identified the ring "Zezaud" {rPois Int+2 SInv} (You took it off a deep elf annihilator on level 3 of the Elven Halls)
 56315 | Elf:3    | Got a scorched hand crossbow
 56316 | Elf:3    | Identified the +5 hand crossbow of the Final Chapter {elec, rElec} (You found it on level 3 of the Elven Halls)
 56400 | Elf:3    | Got a glittering brass amulet
 56401 | Elf:3    | Identified the amulet "Ynymuir" {Reflect Dex+3 SH+6} (You found it on level 3 of the Elven Halls)
 56742 | Depths:1 | Entered Level 1 of the Depths
 57278 | Depths:1 | Found Huci's Food Boutique.
 57412 | Depths:1 | Found Kaseacan's Armour Emporium.
 57501 | Depths:1 | Found Tedumad's Food Shop.
 57741 | Depths:1 | Found an ancient bone altar of Kikubaaqudgha.
 57851 | Depths:1 | Received a gift from Okawaru
 58292 | Depths:1 | Found a gateway to a ziggurat.
 58296 | Depths:1 | Found Askoydgh's Weapon Shop.
 58312 | Depths:1 | Reached XP level 24. HP: 216/223 MP: 28/28
 58460 | Depths:1 | Got a steaming platinum ring
 58572 | Depths:1 | Found a gateway to Hell.
 59179 | Depths:1 | Identified the Guide on Air
 59237 | Depths:2 | Received a gift from Okawaru
 60240 | Depths:2 | Noticed Nergalle
 60247 | Depths:2 | Killed Nergalle
 60327 | Depths:2 | Found a one-way gate to the infinite horrors of the Abyss.
 60410 | Depths:2 | Identified the cursed +0 chain mail "Lenger" {Int+4} (You found it on level 2 of the Depths)
 60412 | Depths:2 | Identified the ring "Muclypsoex" {Fire Str+2 Dex+10 Slay-3} (You took it off a frost giant on level 1 of the Depths)
 60457 | Depths:2 | Noticed an ancient lich
 60476 | Depths:2 | Killed an ancient lich
 60482 | Depths:2 | Identified the cursed +2 executioner's axe of Kufoih {elec, +Rage rPois rF+ rC+} (You found it on level 2 of the Depths)
 60812 | Depths:3 | Noticed Nikola
 60832 | Depths:3 | Killed Nikola
 60843 | Depths:3 | Noticed Wiglaf
 60864 | Depths:3 | Killed Wiglaf
 60941 | Depths:3 | Found Eduli's Specialty Armours.
 60963 | Depths:3 | Found a shattered altar of Ashenzari.
 60983 | Depths:3 | Noticed Boris
 60995 | Depths:3 | Killed Boris
 60995 | Depths:3 | Received a gift from Okawaru
 61013 | Depths:3 | Found a magical portal.
 61024 | WizLab   | Entered Wucad Mu's Monastery
 61568 | Depths:3 | Found a one-way gate leading to the halls of Pandemonium.
 61604 | Depths:3 | Noticed Jorgrun
 61612 | Depths:3 | Killed Jorgrun
 61839 | Depths:3 | Reached XP level 25. HP: 206/232 MP: 24/28
 62456 | Depths:3 | Noticed Jory
 62476 | Depths:3 | Killed Jory
 63253 | Depths:4 | Learned a level 2 spell: Swiftness
 63260 | Depths:4 | Found a bloodstained altar of Trog.
 63419 | Depths:4 | Received a gift from Okawaru
 64295 | Depths:4 | Noticed the Enchantress
 64311 | Depths:4 | Killed the Enchantress
 64349 | Depths:4 | Identified the +6 faerie dragon armour {Regen+ Slay+2} (You took it off the Enchantress on level 4 of the Depths)
 64654 | Depths:4 | Identified Fuininn's Volume of the Entourage and Enchantment
 64915 | Depths:4 | Reached XP level 26. HP: 226/243 MP: 28/28
 64975 | Depths:5 | Entered Level 5 of the Depths
 66264 | Depths:5 | Received a gift from Okawaru
 66435 | Depths:5 | Found a gate to the Realm of Zot.
 66567 | Hell     | Entered the Vestibule of Hell
 66567 | Hell     | Noticed Geryon
 66568 | Hell     | Noticed Murray
 66589 | Depths:5 | Killed Murray
 66625 | Hell     | Killed Geryon
 67032 | Hell     | Received a gift from Okawaru
 67109 | Hell     | Found a gateway to the decaying netherworld of Tartarus.
 67121 | Hell     | Reached skill level 27 in Polearms
 67229 | Hell     | Found a gateway to the freezing wastes of Cocytus.
 67471 | Hell     | Found a gateway to the Iron City of Dis.
 67657 | Hell     | Found a gateway to the ashen valley of Gehenna.
 67919 | Depths:4 | Voluntarily entered the Abyss.
 68229 | Abyss:1  | Reached XP level 27. HP: 253/253 MP: 28/28
 68770 | Depths:4 | Escaped the Abyss
 68772 | Depths:4 | Voluntarily entered the Abyss.
 68932 | Abyss:3  | Got a pair of ancient boots
 68942 | Abyss:3  | Identified the +1 pair of boots "Qicac" {*Contam +Fly Int+3} (You acquired it on level 3 of the Abyss)
 69310 | Abyss:3  | Found a corrupted altar of Lugonu.
 70687 | Abyss:3  | Received a gift from Okawaru
 70724 | Abyss:3  | Got an abyssal rune of Zot
 71130 | Depths:4 | Escaped the Abyss
 71225 | Zot:1    | Entered Level 1 of the Realm of Zot
 73308 | Zot:3    | Received a gift from Okawaru
 74042 | Zot:4    | Received a gift from Okawaru
 74570 | Zot:4    | Noticed an orb of fire
 74589 | Zot:4    | Killed an orb of fire
 74637 | Zot:5    | Entered Level 5 of the Realm of Zot
 75044 | Zot:5    | Noticed an ancient lich
 75068 | Zot:5    | Killed an ancient lich
 75113 | Zot:5    | Noticed an orb of fire
 75123 | Zot:5    | Noticed an orb of fire
 75143 | Zot:5    | Killed an orb of fire
 75143 | Zot:5    | Reached skill level 27 in Fighting
 75151 | Zot:5    | Noticed an orb of fire
 75151 | Zot:5    | Noticed an orb of fire
 75151 | Zot:5    | Killed an orb of fire
 75161 | Zot:5    | Lost mutation: You are robust. (+10% HP) [an orb of fire]
 75163 | Zot:5    | Received a gift from Okawaru
 75167 | Zot:5    | Noticed an orb of fire
 75186 | Zot:5    | Gained mutation: Scrolls take you a little longer to read. [an orb of fire]
 75189 | Zot:5    | Killed an orb of fire
 75198 | Zot:5    | Killed an orb of fire
 75203 | Zot:5    | Gained mutation: Armour fits poorly on your strangely shaped body. [an orb of fire]
 75212 | Zot:5    | Killed an orb of fire
 75215 | Zot:5    | Noticed an orb of fire
 75233 | Zot:5    | Killed an orb of fire
 75415 | Zot:5    | Noticed an orb of fire
 75441 | Zot:5    | Killed an orb of fire
 75442 | Zot:5    | Lost mutation: Armour fits poorly on your strangely shaped body. [potion of cure mutation]
 75442 | Zot:5    | Lost mutation: Scrolls take you a little longer to read. [potion of cure mutation]
 75442 | Zot:5    | Lost mutation: Your system is resistant to poisons. (rPois) [potion of cure mutation]
 75442 | Zot:5    | Lost mutation: Your mind is acute. (Int +2) [potion of cure mutation]
 75616 | Zot:5    | Noticed an orb of fire
 75645 | Zot:5    | Killed an orb of fire
 75645 | Zot:5    | Reached skill level 27 in Armour
 75645 | Zot:5    | Reached skill level 1 in Air Magic
 75793 | Zot:5    | Noticed an orb of fire
 75801 | Zot:5    | Gained mutation: Armour fits poorly on your strangely shaped body. [an orb of fire]
 75809 | Zot:5    | Killed an orb of fire
 75809 | Zot:5    | Reached skill level 5 in Charms
 75810 | Zot:5    | Lost mutation: Armour fits poorly on your strangely shaped body. [potion of cure mutation]
 75868 | Zot:5    | Noticed an orb of fire
 75873 | Zot:5    | Noticed an orb of fire
 75900 | Zot:5    | Killed an orb of fire
 75904 | Zot:5    | Gained mutation: Your flesh is heat resistant. (rF+) [an orb of fire]
 75923 | Zot:5    | Gained mutation: You expend magic power (3 MP) to strengthen your wands. [an orb of fire]
 75925 | Zot:5    | Killed an orb of fire
 75925 | Zot:5    | Reached skill level 5 in Air Magic
 76000 | Zot:5    | Got the Orb of Zot
 76077 | Zot:5    | Noticed an ancient lich
 76093 | Zot:5    | Killed an ancient lich
 76110 | Zot:5    | Gained mutation: You are dopey. (Int -2) [a cacodemon]
 76126 | Zot:5    | Noticed an ancient lich
 76242 | Zot:3    | Noticed Negouv the pandemonium lord
 76451 | Depths:2 | Noticed Fiabymas the pandemonium lord
 76624 | D:10     | Noticed Ryimuysudu the pandemonium lord
 76651 | D:10     | Killed from afar by Ryimuysudu the pandemonium lord

Vault maps used:
D:1:      evilmike_arrival_run_for_it, nemelex_altar_shiori
D:2:      first_bread, uniq_natasha, uniq_jessica
D:3:      minmay_door_path, nicolae_overflow_crystal_walls, serial_bayou,
          serial_bayou_lagoon_a, serial_bayou_shore_b, serial_bayou_shore_b,
          uniq_iyjb
D:4:      old_standard_altar, serial_glass, glass_columns_c, glass_columns_a
D:5:      makhleb_heckhound_becter
D:6:      old_standard_altar, basic_altar
D:7:      david_defended_altar_elf, uniq_joseph
D:8:      minmay_weird_star, uniq_erolcha, uniq_psyche, uniq_grum
D:9:      kennysheep_spiral_hall, kennysheep_mini
D:10:     lair_0_dummy, serial_shops, shop, uniq_josephine, uniq_gastronok
D:11:     serial_undead, serial_undead_a, serial_undead_a, serial_undead_f,
          serial_undead_a, serial_undead_d, serial_undead_c
D:12:     minmay_orc_entry_guard_dogs, minmay_stone_trees_medium
D:13:     hangedman_vaults_entry_quadrant_bands, serial_shops, shop
D:14:     kennysheep_small_spiral
D:15:     hangedman_depths_entry_civil_slaughter,
          hangedman_decor_clover_reticule, grunt_pakellas_basics, uniq_roxanne,
          uniq_urug, uniq_sonja
Temple:   compressed_dpeg_circular_temple
Lair:1:   basic_altar
Lair:2:   serial_bayou_crossing, lemuel_fruit_tree, lemuel_fruit_fields
Lair:3:   shoals_dummy_entry, dummy_snake_entry, grunt_megastairs_5
Lair:4:   serial_bayou_shore_a, grunt_megastairs_4, serial_bayou_shore_b,
          lemuel_fruit_fields
Lair:5:   dpeg_slime_entry_enclosed_altar, grunt_megastairs_1,
          infiniplex_staircase_pool
Lair:6:   due_jungle_book, fungi_pond_lemuel
Shoals:1: nicolae_shoals_stone_sculpture_thing, nicolae_shoals_mertower
Shoals:3: nicolae_shoals_this_corrosion
Shoals:4: shoals_end_grunt_ice, shoal_ilsuiw, serial_shops, shop
Snake:1:  serial_shops, nicolae_shop_competitors_out_of_business, uniq_aizul
Snake:2:  spider_trap, serial_bayou_shore_b, uniq_asterion, uniq_vashnia,
          uniq_louise
Snake:3:  basic_altar
Snake:4:  minmay_snake_end_coiled, serial_bayou_shore_b
Orc:2:    grunt_orc_tribal_feast
Elf:1:    kennysheep_room_grid, serial_glass, glass_columns_a, glass_columns_a,
          minivault_28, onia_ninara_cookie, uniq_kirke
Elf:2:    serial_glass, glass_columns_a, glass_columns_a, glass_columns_a,
          glass_columns_c, glass_columns_c, glass_columns_c, glass_columns_b,
          glass_columns_a, glass_columns_c, glass_columns_a
Elf:3:    minmay_elf_hall_spiked, uniq_saint_roka
Vaults:1: hangedman_vaults_locks, v_rooms_5, vaults_dpeg_doors,
          nicolae_vaults_network_quinsquares, v_misc_10,
          nicolae_vaults_hallways_thing, hangedman_vaults_nodes,
          nicolae_vaults_little_squares_3, v_misc_11, nicolae_vaults_theta,
          nicolae_vaults_diagonal_hallway_6, v_misc_19, uniq_donald
Vaults:2: nicolae_vaults_little_squares_1, nicolae_vaults_ring_of_whatevers,
          v_misc_8, v_misc_28, hangedman_vaults_trim, ontoclasm_vaults_twist,
          serial_shops, shop_statue, shop, nicolae_shop_statue_plus,
          nicolae_shop_stone, shop
Vaults:3: blue_anna_dwarven_crypt, vaults_mumra_lcd, v_misc_30,
          vaults_mumra_minichess_inversion, grunt_vaults_swirl,
          nicolae_vaults_little_squares_3, ontoclasm_vaults_tryst,
          hangedman_vaults_stretched_pinwheel, vaults_room_door_hall,
          hangedman_vaults_corner, nicolae_vaults_statue_guard, v_misc_4,
          v_misc_13, ontoclasm_vaults_loading_screen
Vaults:4: hangedman_vaults_stagger, grunt_vaults_hallway_short, v_misc_8,
          hangedman_vaults_stitches, nicolae_vaults_circle_grid_a,
          nicolae_vaults_three_branches, nicolae_vaults_little_squares_2,
          v_pattern_2, vaults_standard_mumra_enter_the_diamond
Depths:1: evilmike_negative_zone, enter_ziggurat_e, serial_shops, shop,
          nicolae_shop_trees, nicolae_shop_stone, shop_statue,
          kennysheep_flooded_box, hellmouth_1, hangedman_decor_slide_cut,
          minivault_11, kilobyte_mutagenic_chamber
Depths:2: constructs_gauntlet_mu_hangedman,
          hangedman_abyss_or_decor_lesser_grid, abyss_entry,
          grunt_mini_vestibule, infiniplex_staircase_pillars_3b
Depths:3: due_jory_tower, mu_enter_wizlab_3, hangedman_coc_ice_floe,
          evilmike_ruin_ashenzari, rand_demon_pan_entry_8, nicolae_barding_shop,
          uniq_wiglaf, uniq_nikola, uniq_boris, uniq_jorgrun
Depths:4: spriggan_forest, pan_entry, hell_entry, abyss_entry
Depths:5: grunt_zot_entry_hairpin, hell_entry, serial_sigils_hangedman_confine
Zot:3:    kennysheep_six_static_rooms, st_stairs_5, zot_minivault_6
Zot:4:    st_stairs_10
Zot:5:    nicolae_lava_and_water
Abyss:1:  hangedman_abyss_overflow_altar
Abyss:2:  evilmike_abyss_exit_9
Abyss:3:  evilmike_abyss_rune_ettins
WizLab:   wizlab_wucad

Skill      XL: |  1  2  3  4  5  6  7  8  9 10 11 12 13 14 15 16 17 18 19 20 21 22 23 24 25 26 27 |
---------------+----------------------------------------------------------------------------------+-----
Shields        | 4 5 6 7 9 10 11 12 13 14 15 | 15.2
Polearms       | 3 4 5 6 8 10 11 12 13 14 16 17 18 19 20 21 22 23 24 25 26 27 | 27.0
Fighting       | 4 5 6 7 8 9 10 11 12 13 14 15 16 17 18 19 20 21 22 27 | 27.0
Armour         | 4 5 7 8 9 10 11 12 13 14 15 16 17 18 19 20 22 23 27 | 27.0
Invocations    | 5 7 |  7.8
Charms         | 7 |  7.8
Air Magic      | 6 |  6.5

Action                   |  1- 3 |  4- 6 |  7- 9 | 10-12 | 13-15 | 16-18 | 19-21 | 22-24 | 25-27 || total
-------------------------+-------+-------+-------+-------+-------+-------+-------+-------+-------++-------
Melee: Trident           |   118 |   198 |   375 |   193 |       |       |    29 |       |       ||   913
       Halberd           |       |       |       |   502 |       |       |       |       |       ||   502
       Demon trident     |       |       |       |    96 |  1820 |   182 |       |       |       ||  2098
       Glaive            |       |       |       |       |       |  1660 |  1414 |   805 |       ||  3879
       Bardiche          |       |       |       |       |       |       |   712 |  1343 |  3286 ||  5341
Throw: Javelin           |       |       |       |       |       |     1 |     4 |       |       ||     5
Invok: Heroism           |       |       |     1 |     4 |     8 |     8 |     5 |     7 |    18 ||    51
       Finesse           |       |       |       |       |     6 |     6 |     8 |    11 |    16 ||    47
 Abil: Dig               |     1 |       |     2 |     9 |    20 |    10 |     7 |    10 |     9 ||    68
Evoke: Wand              |       |       |       |       |     1 |     1 |       |       |       ||     2
  Use: Scroll            |     5 |     1 |     4 |     4 |    12 |     9 |     8 |    18 |    17 ||    78
       Potion            |       |     1 |       |     1 |       |     6 |     5 |     2 |    15 ||    30
 Stab: Invisible         |       |       |       |     1 |       |       |       |       |       ||     1
       Distracted        |       |       |       |       |     2 |       |       |     1 |     3 ||     6
       Sleeping          |       |       |       |       |       |     1 |       |       |       ||     1
       Held in net/web   |       |       |       |       |       |       |     1 |       |       ||     1
       Paralysed         |       |       |       |       |       |       |     3 |       |       ||     3
  Eat: Chunk             |     1 |     6 |    12 |    19 |    32 |    18 |    42 |    33 |    38 ||   201
       Royal jelly       |       |       |       |     1 |     1 |     1 |       |     1 |     3 ||     7
       Meat ration       |       |       |       |     1 |     3 |     4 |       |     2 |     3 ||    13
       Beef jerky        |       |       |       |       |     1 |     1 |       |       |       ||     2
       Pizza             |       |       |       |       |       |     2 |       |       |       ||     2
Armor: Scale mail        |    50 |    50 |    20 |       |       |       |       |       |       ||   120
       Chain mail        |       |       |    87 |   196 |   380 |   214 |   354 |   414 |   573 ||  2218
       Swamp dragon armo |       |       |       |       |       |   156 |       |       |       ||   156
       Gold dragon armou |       |       |       |       |       |       |       |       |   255 ||   255
Dodge: Dodged            |    32 |    36 |    69 |   129 |   191 |   253 |   168 |   195 |   428 ||  1501
Block: Shield            |    68 |    47 |   174 |   339 |   678 |   388 |       |       |       ||  1694
       Large shield      |       |       |       |       |       |   739 |  1638 |  1473 |  2138 ||  5988
       Reflection        |       |       |       |       |       |    12 |   180 |    99 |    53 ||   344
